 Dungeon Crawl Stone Soup version 0.23.2-1-ga50397a6bc (webtiles) character file.

Game seed: 15392450456204146737

49 MachJacob the Digger (level 3, -4/19 HPs)
             Began as a Deep Elf Earth Elementalist on May 5, 2019.
             Slain by a worm (5 damage)
             ... on level 2 of the Dungeon.
             The game lasted 00:07:19 (1331 turns).

MachJacob the Digger (Deep Elf Earth Elementalist)  Turns: 1331, Time: 00:07:19

Health: -4/19      AC:  2    Str:  5    XL:     3   Next: 51%
Magic:  7/10       EV: 13    Int: 20    God:
Gold:   62         SH:  0    Dex: 15    Spells: 3/9 levels left

rFire    . . .     SeeInvis .   a - +0 dagger
rCold    . . .     Gourm    .   (no shield)
rNeg     . . .     Faith    .   c - +0 robe
rPois    .         Spirit   .   (no helmet)
rElec    .         Reflect  .   (no cloak)
rCorr    .         Harm     .   (no gloves)
MR       .....                  (no boots)
Stlth    ++........             (no amulet)
HPRegen  0.06/turn              (no ring)
MPRegen  0.12/turn              (no ring)

@: very slightly contaminated
A: no striking features
a: no special abilities


You were on level 2 of the Dungeon.
You were not hungry.

You visited 1 branch of the dungeon, and saw 2 of its levels.

You collected 62 gold pieces.

Inventory:

Hand Weapons
 a - a +0 dagger (weapon)
 j - a +0 hunting sling
Missiles
 b - 37 stones (quivered)
Armour
 c - a +0 robe (worn)
 i - a +2 robe of positive energy
Jewellery
 e - a cursed ring of teleportation {unknown}
Scrolls
 h - a scroll of random uselessness {unknown}
 m - a scroll of teleportation {unknown}
Potions
 f - 2 potions of brilliance {unknown}
 g - a potion of mutation {unknown}
 k - a potion of might {unknown}
 l - a potion of flight {unknown}
Comestibles
 d - 3 rations


   Skills:
 + Level 3.1 Dodging
 - Level 2.4 Stealth
 + Level 3.7 Spellcasting
 * Level 1.2 Transmutations
 * Level 4.2 Earth Magic


You had 3 spell levels left.
You knew the following spells:

 Your Spells              Type           Power        Failure   Level  Hunger
a - Sandblast             Erth           ###...       2%          1    None
b - Passwall              Tmut/Erth      ##......     6%          2    ##.....
c - Stone Arrow           Conj/Erth      ##....       17%         3    ###....

Your spell library contained the following spells:

 Spells                   Type           Power        Failure   Level  Hunger
 Petrify                  Tmut/Erth      ##......     38%         4    ####...
 Lee's Rapid Deconstruct  Erth           ###.......   54%         5    ######.


Dungeon Overview and Level Annotations

Branches:
Dungeon (2/15)

Altars:


Message History

You feel sick.
You feel sick.
You feel sick.
A worm comes into view.
Casting: Sandblast (safe; 2% risk of failure)
Confirm with . or Enter, or press ? or * to list all spells.
Aiming: Passwall (safe; 6% risk of failure)
Press: ? - help, Dir - move target cursor You can't see that place. [the floor.]
You miscast Passwall.
You are very lightly contaminated with residual magic.
Your skin tingles.
The ogre closely misses you.
You feel sick.
You are no longer poisoned.
The ogre misses you. The worm bites you.
The ogre hits you with a +0 giant spiked club!
* * * LOW HITPOINT WARNING * * *
The worm bites you.
You die...

#..........###
#.>...........
............ ##.#.......#
...#.......###
...(..........
....†K.###### .......
.......###### ######.....#
####..g#....###.@w.......#
#...r.K..K.#O###......#
####.....#.#K#.#......#
#.#####.#g#.#......#
#....##.#.#..^.....## ..
####.#....#....<....##...
#.#..######.........#
#.#..........#...####
#...÷#######)..#####


You could see an ogre, a worm, a goblin and a kobold.

Vanquished Creatures
  An adder (D:2)
  An ooze (D:1)
  3 dart slugs
  A leopard gecko (D:1)
  2 giant cockroaches (D:1)
  5 goblins (D:1)
  4 hobgoblins (D:1)
  A ball python (D:1)
  3 bats
  6 kobolds
  A rat (D:1)
28 creatures vanquished.

Notes
Turn   | Place    | Note
-------+----------+-------------------------------------------
     0 | D:1      | MachJacob the Deep Elf Earth Elementalist began the quest
                  | for the Orb.
     0 | D:1      | Reached XP level 1. HP: 10/10 MP: 6/6
   266 | D:1      | Reached XP level 2. HP: 15/15 MP: 6/8
   837 | D:1      | Reached skill level 4 in Earth Magic
   848 | D:1      | Learned a level 2 spell: Passwall
  1020 | D:1      | Reached XP level 3. HP: 19/19 MP: 8/10
  1292 | D:2      | Learned a level 3 spell: Stone Arrow
  1305 | D:2      | Noticed an ogre
  1331 | D:2      | Slain by a worm

Skill      XL: |  1  2 |
---------------+-------+-----
Earth Magic    | 4 |  4.2
Dodging        | 3 |  3.1
Stealth        | |  2.4
Spellcasting   | |  3.7
Transmutations | |  1.2

Action                   || total
-------------------------++-------
Melee: Dagger            ||    28
 Cast: Sandblast         ||    37
  Eat: Chunk             ||     1
Armor: Robe              ||     8
Dodge: Dodged            ||    41
